Map: Dash and Terminal LE (Void)

Players

Toons - Winner!

  • Race: Protoss Protoss
  • League: Silver

Chamie

  • Race: Protoss Protoss
  • League: Grandmaster

VOD

Have the link to the VOD?

Description

Time

  • Played on: Aug. 4, 2015, 9:31 p.m.
  • Length: 12:37
Show
View Real Time Build Order
Export as new Build Order

Toons Protoss - Winner!

Build Orders: Blink Stalkers 

Get SALT Encoding   

  12  0:01  Probe  
  13  0:13  Probe  
  14  0:18  Pylon  
  14  0:36  Probe (Chrono Boost)  
  14  0:37  Gateway  
  15  0:45  Assimilator  
  15  0:47  Probe (Chrono Boost)  
  16  0:53  Probe (Chrono Boost)  
  17  1:05  Probe (Chrono Boost)  
  18  1:11  Pylon  
  18  1:15  Probe (Chrono Boost)  
  19  1:22  Probe  
  19  1:25  Cybernetics Core  
  20  1:27  Zealot  
  22  1:34  Probe  
  22  1:38  Assimilator  
  23  1:49  Probe  
  23  1:50  Pylon  
  25  2:01  Probe  
  25  2:04  Warp Gate (Chrono Boost)  
  25  2:13  Probe  
  25  2:14  Stalker  
  28  2:17  Gateway  
  28  2:25  Mothership Core  
  30  2:47  Probe  
  30  2:48  Twilight Council  
  31  2:52  Gateway  
  31  2:57  Pylon  
  31  2:59  Stalker  
  33  3:07  Stalker  
  35  3:13  Probe  
  36  3:25  Blink (Chrono Boost)  
  34  3:50  Zealot x3  
  40  4:16  Stalker x3  
  46  4:20  Pylon  
  46  4:36  Forge  
  44  4:39  Stalker  
  44  4:40  Stalker x2  
  44  5:14  Nexus, Robotics Facility  
  40  5:32  Stalker  
  40  5:33  Stalker x2  
  46  5:46  Photon Cannon  
  46  5:53  Pylon  
  46  6:11  Protoss Ground Weapons Level 1 (Chrono Boost)  
  46  6:13  Probe, Observer (Chrono Boost)  
  48  6:23  Stalker  
  48  6:25  Sentry, Probe, Pylon  
  53  6:27  Sentry  
  54  6:42  Probe (Chrono Boost)  
  54  6:43  Probe (Chrono Boost)  
  56  6:48  Sentry  
  56  6:52  Warp Prism  
  61  6:55  Probe (Chrono Boost)  
  61  7:05  Dark Shrine  
  61  7:06  Probe x2  
  63  7:12  Assimilator  
  63  7:28  Adept x3  
  69  7:32  Probe (Chrono Boost)  
  69  7:33  Probe (Chrono Boost)  
  69  7:36  Assimilator  
  71  7:41  Observer  
  71  7:45  Probe (Chrono Boost)  
  73  7:53  Probe x2 (Chrono Boost)  
  75  8:01  Probe  
  75  8:04  Protoss Ground Weapons Level 2 (Chrono Boost)  
  76  8:07  Pylon  
  76  8:09  Pylon  
  76  8:19  Robotics Bay  
  76  8:25  Probe  
  77  8:33  Dark Templar  
  79  8:36  Dark Templar  
  79  8:41  Zealot  
  81  9:05  Gateway  
  77  9:10  Gateway  
  77  9:13  Gateway  
  77  9:15  Colossus  
  75  9:17  Probe  
  75  9:18  Probe  
  75  9:19  Extended Thermal Lance (Chrono Boost)  
  75  9:24  Pylon  
  83  9:40  Probe x2  
  85  9:47  Pylon  
  85  9:52  Photon Cannon  
  85  10:09  Colossus (Chrono Boost)  
  85  10:12  Pylon  
  91  10:16  Dark Templar x2  
  91  10:19  Protoss Ground Armor Level 1  
  91  10:20  Archon  
  95  10:41  Forge  
  95  10:55  Nexus  
  95  10:57  Colossus (Chrono Boost)  
  95  11:00  Pylon  
  101  11:07  Probe x2  
  103  11:19  Stalker  
  103  11:20  Stalker x3  
  111  11:39  Dark Templar  
  113  11:40  Dark Templar  
  118  12:04  Archon  
  104  12:23  Adept  
  104  12:24  Adept x5  
Show
View Real Time Build Order
Export as new Build Order

Chamie Protoss 

Build Orders: Dark Templar Rush 

Get SALT Encoding   

  12  0:00  Probe  
  13  0:13  Pylon  
  13  0:18  Probe  
  14  0:31  Probe (Chrono Boost)  
  15  0:40  Gateway  
  15  0:42  Probe (Chrono Boost)  
  16  0:48  Probe  
  17  0:50  Assimilator  
  17  1:00  Probe (Chrono Boost)  
  18  1:08  Pylon  
  18  1:12  Probe (Chrono Boost)  
  19  1:21  Probe (Chrono Boost)  
  20  1:27  Cybernetics Core  
  20  1:32  Gateway  
  20  1:34  Probe  
  21  1:46  Probe (Chrono Boost)  
  22  1:50  Assimilator  
  22  1:58  Probe (Chrono Boost)  
  23  2:06  Probe (Chrono Boost), Adept  
  23  2:08  Warp Gate (Chrono Boost)  
  26  2:14  Pylon  
  26  2:18  Mothership Core  
  30  2:34  Adept x2 (Chrono Boost)  
  32  2:51  Pylon  
  32  2:53  Probe  
  32  2:54  Adept x2  
  37  3:01  Pylon  
  37  3:09  Probe  
  37  3:10  Twilight Council  
  38  3:21  Probe  
  38  3:22  Stalker  
  38  3:26  Stalker  
  43  3:48  Pylon  
  43  3:53  Dark Shrine  
  43  4:12  Stalker x2  
  36  4:47  Adept  
  36  4:48  Adept  
  40  5:10  Probe  
  40  5:12  Blink  
  41  5:27  Probe  
  41  5:47  Nexus  
  41  5:50  Probe  
  41  5:54  Adept  
  44  6:03  Stalker  
  46  6:12  Pylon  
  46  6:16  Pylon  
  46  6:23  Pylon  
  46  6:34  Probe  
  47  6:43  Stalker  
  47  6:46  Probe (Chrono Boost), Robotics Facility  
  50  6:57  Probe (Chrono Boost)  
  52  7:01  Probe (Chrono Boost)  
  52  7:05  Stalker  
  55  7:09  Probe (Chrono Boost)  
  55  7:13  Probe (Chrono Boost)  
  56  7:18  Probe (Chrono Boost)  
  57  7:25  Probe (Chrono Boost)  
  57  7:28  Probe (Chrono Boost)  
  59  7:31  Stalker, Pylon  
  59  7:32  Probe (Chrono Boost)  
  59  7:33  Observer (Chrono Boost)  
  63  7:38  Stalker  
  63  7:43  Probe (Chrono Boost), Pylon  
  66  7:46  Probe (Chrono Boost)  
  67  7:55  Probe x2 (Chrono Boost)  
  69  8:01  Immortal (Chrono Boost)  
  69  8:03  Probe  
  69  8:05  Probe  
  75  8:11  Pylon  
  75  8:17  Probe  
  76  8:22  Probe  
  76  8:24  Assimilator  
  76  8:26  Stalker, Assimilator  
  79  8:27  Stalker  
  79  8:29  Probe  
  79  8:33  Observer (Chrono Boost)  
  83  8:40  Probe  
  84  8:41  Probe  
  84  8:44  Pylon  
  85  8:52  Probe  
  85  8:53  Probe  
  75  9:04  Shield Upgrade  
  75  9:07  Probe  
  76  9:13  Probe  
  77  9:19  Stalker  
  77  9:20  Stalker  
  77  9:21  Immortal  
  85  9:35  Probe x2  
  87  9:39  Gateway  
  87  9:41  Gateway  
  87  9:47  Probe x2  
  87  9:49  Nexus  
  89  9:53  Pylon  
  89  9:59  Probe  
  91  10:00  Probe  
  91  10:09  Forge  
  91  10:12  Probe x2  
  93  10:20  Pylon  
  93  10:24  Probe  
  93  10:28  Adept  
  96  10:29  Adept  
  96  10:31  Probe (Chrono Boost)  
  96  10:33  Immortal (Chrono Boost)  
  103  10:36  Probe (Chrono Boost)  
  105  10:43  Probe (Chrono Boost)  
  105  10:44  Photon Cannon  
  105  10:46  Probe (Chrono Boost)  
  105  10:48  Assimilator  
  106  10:51  Probe (Chrono Boost)  
  106  10:52  Assimilator  
  106  10:53  Probe  
  106  10:56  Templar Archives  
  108  11:03  Probe (Chrono Boost)  
  109  11:06  Probe x2 (Chrono Boost)  
  111  11:14  Probe (Chrono Boost)  
  111  11:15  Forge  
  111  11:16  Probe (Chrono Boost)  
  111  11:18  Probe (Chrono Boost)  
  114  11:20  Probe (Chrono Boost)  
  114  11:24  Immortal (Chrono Boost)  
  119  11:25  Probe  
  119  11:29  Pylon  
  119  11:35  High Templar x2  
  119  11:36  High Templar x2  
  127  11:40  Archon x2  
  127  11:46  Pylon  
  127  11:51  Probe  
  129  12:02  Immortal (Chrono Boost)  
  103  12:21  Stalker x4  
Tags
 
Add a new tag
Caveats
  • Supply blocks, unpowered buildings, or Contaminate may cause inaccurate times.
  • Supply counts are checked every 10 seconds.